 Dungeon Crawl Stone Soup version 0.31-a0-180-g519b7de00c (webtiles) character file.

Game seed: 1041222221513931930

328 qw the Chopper (level 6, -1/38 HPs)
             Began as a Gargoyle Fighter on June 20, 2023.
             Was an Initiate of Okawaru.
             Slain by Pikel
             ... wielding a +0 whip of electrocution
              (3 damage)
             ... on level 5 of the Dungeon.
             The game lasted 00:02:01 (3890 turns).

qw the Chopper (Gargoyle Fighter)                   Turns: 3890, Time: 00:02:01

Health: -1/38      AC: 21    Str: 22    XL:     6   Next: 50%
Magic:  6/6        EV:  8    Int:  8    God:    Okawaru [......]
Gold:   108        SH:  4    Dex:  9    Spells: 5/5 levels left

rFire   . . .        Y - +1 war axe (protect)
rCold   . . .        c - +0 buckler
rNeg    + + .        f - +0 chain mail
rPois   inf          (no helmet)
rElec   +            b - +0 cloak
rCorr   .            (no gloves)
SInv    .            (no boots)
Will    .....        (no amulet) Stlth
                     i - ring of positive energy
HPRegen 0.26/turn    (no ring)
MPRegen 0.10/turn

%: no passive effects
@: under a protective aura
A: sickness immunity, AC +4, negative energy resistance 1, electricity
resistance, torment resistance 1, petrification resistance
a: Renounce Religion


You were on level 5 of the Dungeon.
You worshipped Okawaru.
Okawaru was noncommittal.
You visited 2 branches of the dungeon, and saw 6 of its levels.

You collected 249 gold pieces.
You spent 141 gold pieces at shops.


Innate Abilities, Weirdness & Mutations

You are immune to sickness and miasma.
Your stone body is resilient. (AC +4)
You are immune to poison.
You resist negative energy. (rN+)
You are resistant to electric shocks. (rElec)
You are resistant to unholy torment.
You are immune to petrification.


   Skills:
 - Level 4.3 Fighting
 + Level 5.6 Axes
 - Level 3.2 Armour
 - Level 3.2 Shields


You had 5 spell levels left.
You didn't know any spells.
Your spell library was empty.

Inventory:

Hand Weapons
 j - a +0 whip
 Y - a +1 war axe of protection (weapon)
Missiles
 k - 3 boomerangs (quivered)
Armour
 a - a +0 plate armour
 b - a +0 cloak (worn)
 c - a +0 buckler (worn)
 f - a +0 chain mail (worn)
Jewellery
 i - a ring of positive energy (left hand)
Scrolls
 g - 3 scrolls of identify
Potions
 d - a potion of might
 e - a potion of mutation
 h - a potion of curing

Dungeon Overview and Level Annotations

Branches:
Dungeon (5/15)             Temple (1/1) D:4

Altars:
Dithmenos
Elyvilon
Fedhas
Gozag
Kikubaaqudgha
Makhleb
Nemelex Xobeh
Okawaru
Qazlal
Ru
Sif Muna
Trog
Uskayaw
Vehumet
Wu Jian
Xom
Yredelemnul
Zin
The Shining One

Shops:
D:1 *   D:3 *

Annotations:
D:5 Pikel


Message History

A lemure comes into view. x2
The lemure shouts! x2
You hit the lemure but do no damage.
The lemure is heavily wounded.
The lemure hits you. x2
You barely miss the lemure.
The lemure is heavily wounded.
You block the lemure's attack.
Pikel, Merchant of Souls comes into view.
He is wielding a +0 whip of electrocution and carrying a wand of digging (7).
You closely miss the lemure.
The lemure is heavily wounded.
You hear the slow rusting of a very distant drain.
Pikel shouts!
The lemure barely misses you.
You closely miss the lemure.
The lemure is heavily wounded.
The lemure hits you but does no damage.
You barely miss the lemure.
The lemure is heavily wounded.
You closely miss the lemure.
The lemure hits you but does no damage. x2
You closely miss the lemure.
The lemure is heavily wounded.
You barely miss the lemure. The lemure hits you but does no damage.
The lemure hits you.
You miss the lemure.
The lemure is heavily wounded.
You hit the lemure.
Your weapon exudes an aura of protection.
The lemure barely misses you. The lemure hits you.
The lemure hits you but does no damage.
You hit the lemure.
The lemure is severely wounded.
You hit Pikel but do no damage. The lemure hits you!
You slash the lemure!
You kill the lemure!
That felt strangely unrewarding.
You hit Pikel.
Pikel hits you with a +0 whip of electrocution.
You die...

#..#### #... #..##..
..# #...... ..# #
#.###.# .>.
#.#.....# ##.##
#.####### .55
#.......#
##K##########......
#.@#............#..
#....##.........#..
##.#......<..####..
...#.##.##)........
#####.##.##)##....#.
#.##.##.##....#.
#.##.##.#######+
#.#...>..#......
#.#####..#......


You could see Pikel and 2 lemures.

Vanquished Creatures
  An orc warrior (D:5)
  2 lemures (D:5)
  2 scorpions (D:4)
  5 adders
  4 dart slugs
  10 orcs
  5 ball pythons
  3 bats (D:3)
  4 endoplasms
  3 goblins (D:1)
  4 hobgoblins
  4 jackals (D:1)
  3 quokkas (D:2)
  2 frilled lizards (D:1)
  7 kobolds
  3 rats
62 creatures vanquished.

Notes
Turn   | Place    | Note
-------+----------+-------------------------------------------
     0 | D:1      | qw the Gargoyle Fighter began the quest for the Orb.
     0 | D:1      | Reached XP level 1. HP: 14/14 MP: 1/1
     0 | D:1      | 0 ||| qw: Version: 0.3-a-7-ge0c9b40
     0 | D:1      | 0 ||| qw: Game counter: 1109
     0 | D:1      | 0 ||| qw: Always use a shield: true
     0 | D:1      | 0 ||| qw: God list: Okawaru
     0 | D:1      | 0 ||| qw: Allow faded altars: false
     0 | D:1      | 0 ||| qw: Do Orc after D:15 true
     0 | D:1      | 0 ||| qw: Do second Lair branch before Depths: true
     0 | D:1      | 0 ||| qw: Lair rune preference: random
     0 | D:1      | 0 ||| qw: Plans: Normal, Zot:1-4, Slime:5, God:TSO, Crypt,
                  | Tomb, Abyss, Pan, Hells, Win
     0 | D:1      | 0 ||| PLANNING D:1-11
    76 | D:1      | Reached skill level 2 in Axes
   154 | D:1      | Reached XP level 2. HP: 19/19 MP: 2/2
   353 | D:1      | Found Neppirphigu's General Store.
   361 | D:1      | 361 ||| SHOPLISTING +0 chain mail (45 gold, have 22).
   361 | D:1      | 361 ||| SHOPLISTING amulet of Vitality {RegenMP++ Regen++}
                  | (1000 gold, have 22).
   361 | D:1      | 361 ||| SHOPLISTING potion of attraction (30 gold, have
                  | 22).
   361 | D:1      | 361 ||| SHOPLISTING scroll of enchant weapon (75 gold, have
                  | 22).
   361 | D:1      | 361 ||| BUYING scroll of identify (20 gold).
   361 | D:1      | Bought a scroll of identify for 20 gold pieces
   361 | D:1      | 361 ||| SHOPLISTING scroll of identify (20 gold, have 2).
   668 | D:1      | Reached skill level 3 in Axes
   881 | D:1      | 881 ||| READING scroll labelled COEMOITZOUR.
   882 | D:1      | 882 ||| READING scroll labelled USYBUPODIU.
   883 | D:1      | 883 ||| READING 4 scrolls of identify.
   883 | D:1      | 883 ||| IDENTIFYING smoky purple potion
   884 | D:1      | 884 ||| READING 3 scrolls of identify.
   884 | D:1      | 884 ||| IDENTIFYING black potion
   885 | D:1      | 885 ||| DROPPING potion of brilliance.
   942 | D:2      | Reached XP level 3. HP: 23/23 MP: 3/3
   972 | D:2      | 972 ||| Stepping ~*~*~tactically~*~*~ (stealth).
  1057 | D:2      | 1057 ||| Stepping ~*~*~tactically~*~*~ (hiding).
  1249 | D:2      | 1249 ||| Stepping ~*~*~tactically~*~*~ (hiding).
  1516 | D:2      | Reached XP level 4. HP: 28/28 MP: 4/4
  1834 | D:2      | 1834 ||| UPGRADING to +0 chain mail.
  1844 | D:2      | 1844 ||| DROPPING +0 scale mail.
  1845 | D:2      | 1845 ||| UPGRADING to ring of positive energy.
  1846 | D:2      | 1846 ||| READING scroll labelled XAIFUT WOUWKY.
  1847 | D:2      | 1847 ||| DROPPING +0 club.
  1848 | D:2      | 1848 ||| READING scroll labelled JETHOR NUNE.
  1865 | D:3      | Reached skill level 4 in Axes
  1933 | D:3      | Found Yluweiw's Assorted Antiques.
  1942 | D:3      | 1942 ||| BUYING cloak (85 gold).
  1942 | D:3      | Bought a cloak for 85 gold pieces
  1942 | D:3      | 1942 ||| BUYING fizzy emerald potion (17 gold).
  1942 | D:3      | Bought a fizzy emerald potion for 17 gold pieces
  1942 | D:3      | 1942 ||| SHOPLISTING glowing troll leather armour (342
                  | gold, have 24).
  1942 | D:3      | 1942 ||| BUYING scroll labelled CIHUXI LAXKIYW (19 gold).
  1942 | D:3      | Bought a scroll labelled CIHUXI LAXKIYW for 19 gold pieces
  1942 | D:3      | 1942 ||| SHOPLISTING scroll labelled HEBOID BACLY (19 gold,
                  | have 5).
  2343 | D:3      | 2343 ||| Stepping ~*~*~tactically~*~*~ (hiding).
  2344 | D:3      | 2344 ||| Stepping ~*~*~tactically~*~*~ (hiding).
  2575 | D:3      | 2575 ||| UPGRADING to +0 cloak.
  2580 | D:3      | 2580 ||| READING 2 scrolls labelled ITRYPR DYELL.
  2581 | D:3      | 2581 ||| READING 2 scrolls labelled CIHUXI LAXKIYW.
  2582 | D:3      | 2582 ||| READING 4 scrolls of identify.
  2582 | D:3      | 2582 ||| IDENTIFYING fizzy emerald potion
  2583 | D:3      | 2583 ||| DROPPING scroll of poison.
  2584 | D:3      | 2584 ||| DROPPING scroll of fog.
  2684 | D:4      | 2684 ||| Stepping ~*~*~tactically~*~*~ (hiding).
  2713 | D:4      | 2713 ||| FLEEEEING.
  2745 | D:4      | Noticed a scorpion
  2754 | D:4      | Killed a scorpion
  2755 | D:4      | Reached XP level 5. HP: 11/32 MP: 5/5
  3031 | D:4      | Reached skill level 5 in Axes
  3032 | D:4      | 3032 ||| Stepping ~*~*~tactically~*~*~ (stealth).
  3071 | D:4      | Found a staircase to the Ecumenical Temple.
  3072 | D:4      | 3072 ||| PLANNING TEMPLE
  3072 | D:4      | 3072 ||| READING scroll labelled TORUAX RIACAI.
  3082 | Temple   | Entered the Ecumenical Temple
  3083 | Temple   | 3083 ||| PLANNING OKAWARU WORSHIP
  3250 | Temple   | Became a worshipper of Warmaster Okawaru
  3251 | Temple   | 3251 ||| PLANNING D:1-11
  3268 | D:4      | 3268 ||| Stepping ~*~*~tactically~*~*~ (hiding).
  3269 | D:4      | 3269 ||| Stepping ~*~*~tactically~*~*~ (hiding).
  3273 | D:4      | 3273 ||| Stepping ~*~*~tactically~*~*~ (hiding).
  3306 | D:4      | Reached XP level 6. HP: 38/38 MP: 6/6
  3669 | D:4      | 3669 ||| Stepping randomly (stuck).
  3691 | D:5      | Entered Level 5 of the Dungeon
  3691 | D:5      | Noticed an orc warrior
  3692 | D:5      | 3692 ||| PLANNING SEWER
  3699 | D:5      | Killed an orc warrior
  3831 | D:5      | 3831 ||| READING scroll of brand weapon.
  3831 | D:5      | 3831 ||| BRANDING +1 war axe of flaming.
  3883 | D:5      | Noticed Pikel
  3888 | D:5      | HP: 9/38 [lemure[Pikel] (2)]
  3889 | D:5      | HP: 2/38 [lemure[Pikel] (7)]
  3890 | D:5      | Slain by Pikel

Levels and vault maps discovered:
D:1:      dpeg_arrival_leaves_temple_mockup, layout_basic, serial_shops,
          nicolae_shop_getting_attention, wander_ebering_terrifying_dragon_lair
D:2:      layout_basic, amcnicky_mini_corridor_feature
D:3:      layout_basic, serial_shops, shop
D:4:      layout_gridville, minmay_temple_entry_drinking_statues,
          kennysheep_potato
D:5:      due_chaos_kobolds, layout_basic, gup_sewer_entry_bowl, uniq_eustachio,
          uniq_pikel
Temple:   nicolae_temple_bog_church

Skill      XL: |  1  2  3  4  5 |
---------------+----------------+-----
Axes           | 2 3 4 5 |  5.6
Fighting       | 4 |  4.3
Armour         | |  3.2
Shields        | |  3.2

Action                     |  1- 3 |  4- 6 || total
---------------------------+-------+-------++-------
  Melee: War axe           |   100 |   117 ||   217
  Throw: Boomerang         |       |    21 ||    21
    Use: Scroll            |     4 |     7 ||    11
 Armour: Scale mail        |    57 |     2 ||    59
         Chain mail        |       |    65 ||    65
  Dodge: Dodged            |    37 |    45 ||    82
  Block: Buckler           |    20 |    18 ||    38

Table legend:
 A = Non-vault XP
 B = Vault XP
 C = Vault XP percentage of total XP
 D = Non-vault monster count
 E = Vault monster count
 F = Vault count percentage of total count
                 A         B        C        D         E       F
            +---------+---------+-------+---------+---------+-------
      Total |     387 |      82 |  17.5 |      57 |       3 |   5.0
            +---------+---------+-------+---------+---------+-------
        D:1 |      32 |       1 |   3.0 |      17 |       1 |   5.6
        D:2 |      59 |       0 |   0.0 |      10 |       0 |   0.0
        D:3 |      23 |       0 |   0.0 |       8 |       0 |   0.0
        D:4 |     129 |      81 |  38.6 |      16 |       2 |  11.1
        D:5 |     144 |       0 |   0.0 |       6 |       0 |   0.0
            +---------+---------+-------+---------+---------+-------
